Map: Oxide LE

Players

Dark - Winner!

  • Race: Zerg Zerg

LiquidClem (Clem)

  • Race: Terran Terran
  • League: Bronze

Event: TSL 7

VOD

Have the link to the VOD?

Description

Time

  • Played on: June 20, 2021, 12:16 p.m.
  • Length: 6:04

All games in this series

Show
View Real Time Build Order
Export as new Build Order

Dark Zerg - Winner!

Build Orders: Hatch First, Roach Nydus 

Get SALT Encoding   

  12  0:00  Drone  
  13  0:13  Overlord  
  13  0:18  Drone  
  14  0:32  Drone x2  
  16  0:49  Hatchery  
  15  0:51  Drone  
  15  0:55  Drone  
  17  0:58  Drone  
  18  1:09  Extractor  
  17  1:13  Spawning Pool  
  17  1:16  Drone  
  17  1:19  Drone  
  18  1:29  Drone  
  19  1:40  Drone  
  20  1:50  Drone  
  21  2:01  Queen x2  
  21  2:03  Zergling x4  
  27  2:12  Zergling x2  
  27  2:13  Overlord  
  28  2:20  Hatchery  
  27  2:23  Drone  
  28  2:33  Drone  
  28  2:35  Drone x2  
  30  2:40  Queen  
  32  2:50  Lair  
  32  2:52  Overlord  
  32  2:56  Drone  
  32  2:57  Drone  
  34  3:00  Extractor  
  34  3:01  Drone  
  34  3:08  Overlord  
  34  3:10  Drone  
  36  3:12  Drone  
  36  3:13  Drone  
  36  3:15  Drone  
  38  3:21  Queen  
  40  3:29  Drone  
  40  3:32  Roach Warren  
  40  3:37  Drone x2  
  40  3:38  Extractor  
  41  3:45  Queen  
  43  3:54  Nydus Network  
  43  3:55  Drone x2  
  43  4:01  Overlord  
  44  4:05  Drone  
  44  4:06  Drone  
  46  4:12  Roach  
  46  4:14  Roach  
  50  4:18  Roach  
  50  4:20  Roach  
  50  4:24  Roach  
  56  4:37  Nydus Canal  
  56  4:40  Overseer, Roach x2  
  56  4:41  Roach x2  
  64  4:52  Overlord  
  64  4:53  Overlord  
  64  5:04  Nydus Canal  
  64  5:05  Roach  
  66  5:11  Roach x2  
  66  5:12  Roach x3  
  74  5:14  Ravager  
  74  5:17  Roach  
  77  5:25  Overseer  
  77  5:30  Roach x2  
Show
View Real Time Build Order
Export as new Build Order

LiquidClem Terran 

Build Orders: Reaper Expand, Hellion Banshee 

Get SALT Encoding   

  12  0:00  SCV  
  13  0:12  SCV  
  14  0:16  Supply Depot  
  14  0:24  SCV  
  15  0:38  SCV  
  15  0:40  Barracks  
  16  0:44  Refinery  
  16  0:50  SCV  
  17  1:02  SCV  
  18  1:14  SCV  
  19  1:27  Reaper, Orbital Command  
  20  1:38  Command Center  
  20  1:46  Supply Depot  
  20  1:53  SCV  
  21  1:59  Marine  
  22  2:05  SCV  
  23  2:11  Factory  
  23  2:17  SCV  
  23  2:20  Barracks Reactor  
  24  2:29  SCV  
  25  2:41  SCV, Command Center  
  26  2:50  Orbital Command  
  26  2:53  SCV  
  27  3:00  Starport  
  27  3:04  Refinery  
  28  3:05  SCV  
  28  3:10  Hellion  
  30  3:14  Hellion  
  30  3:17  SCV  
  30  3:19  SCV  
  34  3:20  Barracks Tech Lab  
  34  3:29  SCV  
  34  3:31  SCV, Hellion  
  38  3:35  Hellion  
  40  3:41  SCV  
  40  3:43  SCV  
  40  3:45  Banshee  
  45  3:53  Orbital Command  
  45  3:54  SCV, Cloaking Field  
  45  3:55  SCV  
  47  3:58  Hellion  
  47  4:00  Hellion  
  47  4:02  Barracks Tech Lab  
  51  4:09  SCV  
  52  4:10  SCV, Supply Depot  
  53  4:19  SCV  
  53  4:21  SCV  
  53  4:23  Marine  
  56  4:27  Banshee  
  56  4:29  SCV  
  60  4:35  SCV, Barracks, Supply Depot  
  60  4:36  SCV  
  62  4:39  Barracks  
  62  4:41  Marine  
  62  4:44  SCV, Factory Reactor  
  64  4:46  Refinery x2  
  64  4:49  SCV  
  65  4:55  Bunker  
  65  4:56  Bunker  
  65  4:58  SCV x2  
  65  4:59  Marauder  
  66  5:08  SCV  
  66  5:10  Banshee  
  65  5:14  SCV  
  65  5:20  Marine  
  54  5:22  SCV  
  50  5:36  SCV  
  50  5:38  Marine x2  
  50  5:39  Marine  
  50  5:42  SCV  
  51  5:51  SCV  
Tags
 
Add a new tag
Caveats
  • Supply blocks, unpowered buildings, or Contaminate may cause inaccurate times.
  • Supply counts are checked every 10 seconds.